 Dungeon Crawl Stone Soup version 0.28-a0-580-ga2639ab843 (webtiles) character file.

Game seed: 16860512462642883421

535 kipponium the Stinger (level 7, -3/46 HPs)
             Began as a Demonspawn Venom Mage on Oct 2, 2021.
             Slain by a gnoll (6 damage)
             ... on level 5 of the Dungeon.
             The game lasted 00:30:32 (5259 turns).

kipponium the Stinger (Demonspawn Venom Mage)       Turns: 5259, Time: 00:30:32

Health: -3/46      AC:  7    Str:  8    XL:     7   Next: 4%
Magic:  10/10      EV: 12    Int: 19    God:
Gold:   138        SH:  0    Dex: 13    Spells: 5/10 levels left

rFire   . . .      SeeInvis .   b - +0 short sword
rCold   . . .      Faith    .   (no shield)
rNeg    . . .      Spirit   .   a - +0 robe
rPois   .          Reflect  .   (no helmet)
rElec   .          Harm     .   g - +0 cloak
rCorr   .          Rampage  .   h - +2 pair of gloves
Will    .....                   p - +0 pair of boots
Stlth   ++........              (no amulet)
HPRegen 0.15/turn               (no ring)
MPRegen 0.12/turn               (no ring)

@: no status effects
A: claws 1, powered by death 1, spiny 2
a: no special abilities


You were on level 5 of the Dungeon.
You visited 1 branch of the dungeon, and saw 5 of its levels.

You collected 138 gold pieces.

Inventory:

Hand Weapons
 b - a +0 short sword (weapon)
 d - a +0 spear
Missiles
 r - 2 throwing nets
Armour
 a - a +0 robe (worn)
 g - a +0 cloak (worn)
 h - a +2 pair of gloves (worn)
 p - a +0 pair of boots (worn)
Wands
 j - a wand of charming (8)
 m - a wand of digging (1)
Scrolls
 e - 2 scrolls of teleportation {unknown}
 i - 4 scrolls of identify {unknown}
 o - a scroll of amnesia {unknown}
 q - a scroll of noise {unknown}
 s - a scroll of enchant armour {unknown}
 t - a scroll of blinking {unknown}
Potions
 c - 3 potions of curing {unknown}
 f - 2 potions of cancellation {unknown}
 k - 2 potions of heal wounds {unknown}
 l - 2 potions of attraction {unknown}
 n - a potion of brilliance {unknown}
 u - a potion of lignification {unknown}
 v - a potion of ambrosia {unknown}
Miscellaneous
 w - a tin of tremorstones (2/2)


   Skills:
 + Level 2.2 Short Blades
 - Level 1.7 Dodging
 - Level 1.7 Stealth
 - Level 2.0 Spellcasting
 * Level 2.1 Conjurations
 - Level 2.0 Transmutations
 * Level 2.7 Ice Magic
 + Level 5.9 Poison Magic


You had 5 spell levels left.
You knew the following spells:

 Your Spells              Type           Power      Damage    Failure   Level
a - Sting                 Tmut/Pois      68%        1d6       3%          1
b - Mephitic Cloud        Conj/Pois/Air  12%        N/A       17%         3
c - Freeze                Ice            48%        1d7       5%          1

Your spell library contained the following spells:

 Spells                   Type           Power      Damage    Failure   Level
 Poisonous Vapours        Pois/Air       26%        N/A       8%          2
 Spider Form              Tmut/Pois      8%         N/A       10%         3
 Ensorcelled Hibernation  Hex/Ice        14%        N/A       14%         2
 Olgreb's Toxic Radiance  Pois           24%        N/A       14%         4
 Frozen Ramparts          Ice            24%        1d4       16%         3
 Hailstorm                Conj/Ice       11%        3d5       52%         4


Dungeon Overview and Level Annotations

Branches:
Dungeon (5/15)
 Temple: D:4-7

Altars:
Elyvilon
Fedhas
Makhleb
Nemelex Xobeh
Zin

Shops:
D:3 [

Annotations:
D:4 3 runed translucent doors, Megustar's ghost, amateur DEFE
D:5 Menkaure


Innate Abilities, Weirdness & Mutations

You have sharp fingernails.
You regenerate a little health from kills.
You are mostly covered in sharp spines.


Message History

There is an open door here.
There is a stone staircase leading down here.
You climb downwards.
There is a stone staircase leading up here.
Found a blossoming altar of Fedhas.
Found an escape hatch in the ceiling and an escape hatch in the floor.
Found 15 stones.
Menkaure, Prince of Dust comes into view.
Menkaure shouts!
Menkaure calls on the powers of darkness!
Your body is wracked with pain!
You hear an angry hiss.
Found a hunting sling. 2 gnolls come into view.
Found a scroll labelled URAF BEMUDE.
The gnoll shouts!
You hear a shout!
A gnoll comes into view. It is wielding a +0 halberd.
Found a hunting sling.
A gnoll comes into view. It is wielding a +0 whip.
The gnoll shouts!
The gnoll barely misses you.
The gnoll shouts!
The gnoll misses you.
The gnoll hits you from afar with a +0 halberd.
A scorpion zombie comes into view.
The gnoll closely misses you.
The gnoll hits you from afar with a +0 halberd!
You hit the gnoll but do no damage.
The gnoll hits you from afar with a +0 halberd.
* * * LOW HITPOINT WARNING * * *
The gnoll closely misses you. The gnoll is struck by your spines.
The gnoll hits you with a +0 whip.
* * * LOW HITPOINT WARNING * * *
Found 20 stones.
The gnoll is struck by your spines. The gnoll hits you with a +0 halberd.
* * * LOW HITPOINT WARNING * * *
The gnoll is struck by your spines. The gnoll hits you with a +0 whip.
* * * LOW HITPOINT WARNING * * *
The gnoll hits you from afar with a +0 halberd.
You die...

.. #..###..##
#..#######...##..#
.........###....##
..........?...###
.......##.....##
.(...Z.........#
#.......g..).##
#.......gg...#
##....@g....##
#...######## ...#.
.. #


You could see 4 gnolls and a scorpion zombie.

Vanquished Creatures
  Sigmund (D:4)
  A black bear (D:4)
  An orc priest (D:4)
  2 hounds
  2 iguanas (D:4)
  A gnoll (D:1)
  4 adders
  2 ufetubi
  An adder skeleton (D:4)
  2 worms
  4 orcs
  3 bats
  6 endoplasms
  3 giant cockroaches
  8 goblins
  4 hobgoblins
  6 jackals
  2 kobolds (D:4)
  7 quokkas
  6 ball pythons
  2 frilled lizards (D:1)
  A rat (D:2)
69 creatures vanquished.

Vanquished Creatures (others)
  3 fungi (D:4)
  4 plants
7 creatures vanquished.

Grand Total: 76 creatures vanquished

Notes
Turn   | Place    | Note
-------+----------+-------------------------------------------
     0 | D:1      | kipponium the Demonspawn Venom Mage began the quest for the
                  | Orb.
     0 | D:1      | Reached XP level 1. HP: 13/13 MP: 3/3
   459 | D:1      | Reached skill level 1 in Transmutations
   459 | D:1      | Gained mutation: You regenerate a little health from kills.
                  | [demonic ancestry]
   459 | D:1      | Reached XP level 2. HP: 12/19 MP: 0/5
   865 | D:1      | Reached skill level 4 in Poison Magic
  1003 | D:1      | Reached XP level 3. HP: 24/24 MP: 3/6
  1786 | D:2      | Learned a level 3 spell: Mephitic Cloud
  1847 | D:2      | Found a faded altar of an unknown god.
  2176 | D:2      | Learned a level 1 spell: Freeze
  2339 | D:3      | Reached XP level 4. HP: 18/30 MP: 2/7
  2492 | D:3      | Found a burning altar of Makhleb.
  2776 | D:3      | Found Soitocsump's Armour Emporium.
  3623 | D:4      | Noticed a black bear
  3792 | D:4      | Gained mutation: You are partially covered in sharp spines.
                  | [demonic ancestry]
  3792 | D:4      | Reached XP level 5. HP: 35/35 MP: 6/8
  3800 | D:4      | Noticed Sigmund
  3813 | D:4      | Killed Sigmund
  3814 | D:4      | Reached skill level 1 in Short Blades
  3814 | D:4      | Reached skill level 1 in Conjurations
  3814 | D:4      | Reached skill level 1 in Ice Magic
  3814 | D:4      | Reached skill level 5 in Poison Magic
  3814 | D:4      | Gained mutation: You have sharp fingernails. [demonic
                  | ancestry]
  3814 | D:4      | Reached XP level 6. HP: 41/41 MP: 0/9
  3892 | D:4      | Found a runed translucent gate.
  3892 | D:4      | Found a runed translucent gate.
  3892 | D:4      | Found a runed translucent gate.
  3895 | D:4      | Noticed Megustar's ghost (amateur DEFE)
  4875 | D:4      | Gained mutation: You are mostly covered in sharp spines.
                  | [demonic ancestry]
  4875 | D:4      | Reached XP level 7. HP: 46/46 MP: 4/10
  5119 | D:4      | Found a sparkling altar of Nemelex Xobeh.
  5119 | D:4      | Found a transporter.
  5219 | D:5      | Entered Level 5 of the Dungeon
  5223 | D:5      | Found a blossoming altar of Fedhas.
  5226 | D:5      | Noticed Menkaure
  5259 | D:5      | Slain by a gnoll

Illustrated notes

Levels and vault maps discovered:
D:1:      saegor_arrival_miasma, layout_basic
D:2:      layout_loops_ring, chequers_ecumenical_altar_lobes,
          minmay_pentomino_s2
D:3:      layout_loops_corners, bloody_makhleb, lemuel_round_altar,
          serial_shops, shop_fountains, serial_forest,
          infiniplex_forest_lined_3, infiniplex_forest_lined_room_2,
          infiniplex_forest_lined_room_3, infiniplex_forest_straight_3,
          infiniplex_forest_end_1
D:4:      layout_rooms, grunt_nemelex_the_gamble, mainiacjoe_overflow_brackets,
          gammafunk_ghost_nasty_kobolds, minmay_misc_feat_more_columns,
          corexii_leaking_fountain, uniq_sigmund
D:5:      layout_cave_pools, kennysheep_mini_moat, ashenzari_altar_1,
          fedhas_ov_isle_minmay, uniq_menkaure

Skill      XL: |  1  2  3  4  5  6 |
---------------+-------------------+-----
Transmutations | 1 2 |  2.0
Poison Magic   | 4 5 |  5.9
Short Blades   | 1 2 |  2.2
Conjurations   | 1 2 |  2.1
Ice Magic      | 1 2 |  2.7
Dodging        | |  1.7
Stealth        | |  1.7
Spellcasting   | |  2.0

Action                   |  1- 3 |  4- 6 |  7- 9 || total
-------------------------+-------+-------+-------++-------
Melee: Short sword       |    40 |    20 |     1 ||    61
 Cast: Sting             |    59 |    57 |     2 ||   118
       Freeze            |     2 |    20 |       ||    22
       Mephitic Cloud    |       |     1 |       ||     1
Armor: Robe              |     9 |    29 |       ||    38
Dodge: Dodged            |    34 |    47 |     4 ||    85

Table legend: (Time is in decaauts)
 A = Elapsed time spent in this place.
 B = Non-inter-level travel time spent in this place.
 C = Inter-level travel time spent in this place.
 D = Time resting spent in this place.
 E = Time spent auto-exploring this place.
 F = Levels seen in this place.
 G = Mean time per level.
                   A        B        C        D        E       F      G
               +--------+--------+--------+--------+--------+-----+--------+
         Total |   5269 |   4946 |    323 |   1587 |   2070 |   5 | 1053.8 |
       Dungeon |   5269 |   4946 |    323 |   1587 |   2070 |   5 | 1053.8 |
               +--------+--------+--------+--------+--------+-----+--------+

Top non-repeatable levels by time:
     D:3: 1818 daAuts
     D:1: 1428 daAuts
     D:4: 1079 daAuts
     D:2: 904 daAuts
     D:5: 39 daAuts
